 Dungeon Crawl Stone Soup version 0.31.0-9-g3a7656b989 (webtiles) character file.

Game seed: 15647577951943488227

74 Kallu the Digger (level 4, -4/30 HPs)
             Began as a Barachi Earth Elementalist on Jan 25, 2024.
             Killed from afar by a steam dragon (16 damage)
             ... with a ball of steam
             ... on level 3 of the Dungeon.
             The game lasted 00:03:26 (1581 turns).

Kallu the Digger (Barachi Earth Elementalist)       Turns: 1581, Time: 00:03:27

Health: -4/30      AC:  3    Str: 10    XL:     4   Next: 28%
Magic:  6/9        EV: 12    Int: 17    God:
Gold:   48         SH:  0    Dex: 12    Spells: 6/10 levels left

rFire   . . .        d - +1 spear (venom)
rCold   . . .        (no shield)
rNeg    . . .        a - +0 robe
rPois   .            o - +1 hat
rElec   .            (no cloak)
rCorr   .            (no gloves)
SInv    .            (no boots)
Will    .....        (no amulet)
Stlth   ++           (no ring)
HPRegen 0.25/turn    (no ring)
MPRegen 0.11/turn

%: no passive effects
@: slow
A: amphibious, slowness 1, strong legs 1, +LOS
a: Hop


You were on level 3 of the Dungeon.
You visited 1 branch of the dungeon, and saw 3 of its levels.

You collected 48 gold pieces.

Inventory:

Hand Weapons
 d - a +1 spear of venom (weapon)
Missiles
 l - 4 poisoned darts
Armour
 a - a +0 robe (worn)
 o - a +1 hat (worn)
Jewellery
 p - a ring of see invisible
Scrolls
 c - a scroll of revelation {unknown}
 e - a scroll of enchant armour {unknown}
 f - 2 scrolls of noise {unknown}
 g - a scroll of teleportation {unknown}
 k - a scroll of poison {unknown}
 m - 2 scrolls of identify {unknown}
 n - 2 scrolls of amnesia {unknown}
Potions
 b - a potion of magic
 h - a potion of heal wounds {unknown}
 i - a potion of enlightenment {unknown}
 j - 2 potions of invisibility {unknown}
 q - a potion of lignification {unknown}


   Skills:
 - Level 2.1 Dodging
 - Level 1.7 Stealth
 - Level 3.5 Spellcasting
 + Level 1.5 Conjurations
 - Level 4.0 Earth Magic


You had 6 spell levels left.
You knew the following spells:

 Your Spells              Type           Power      Damage    Failure   Level
a - Sandblast             Erth           32%        2d9       3%          1
b - Stone Arrow           Conj/Erth      24%        3d8       16%         3

Your spell library contained the following spells:

 Spells                   Type           Power      Damage    Failure   Level
 Passwall                 Erth           16%        N/A       10%         3
 Call Imp                 Summ           4%         N/A       26%         2
 Sublimation of Blood     Necr           2%         N/A       26%         2
 Brom's Barrelling Bould  Conj/Erth      12%        2d4       47%         4
 Petrify                  Alch/Erth      9%         N/A       58%         4
 Summon Hydra             Summ           1%         N/A       100%        7


Dungeon Overview and Level Annotations

Branches:
Dungeon (3/15)

Altars:
Kikubaaqudgha
Uskayaw

Shops:
D:1 !


Innate Abilities, Weirdness & Mutations

You are amphibious.
You cover ground slowly.
You can hop short distances.
You have an extended range of vision and can be seen from far away.


Message History

The orc is almost dead.
The orc misses you. The orc barely misses you.
The blast of sand hits the orc.
You kill the orc!
The blast of sand hits the rat!
You kill the rat!
Things that are here:
a +0 war axe; a +0 ring mail HP restored.
A ball python and a steam dragon come into view.
Found a ruby ring.
Found a stone staircase leading up.
The ball python hisses angrily.
Found an ancient bone altar of Kikubaaqudgha.
The steam dragon hisses angrily.
The blast of sand hits the ball python!
You kill the ball python!
The steam dragon breathes steam at you. The ball of steam hits you.
The blast of sand hits the steam dragon.
The steam dragon is lightly wounded.
You are engulfed in a cloud of scalding steam.
The blast of sand misses the steam dragon.
The withered plant is engulfed in a cloud of scalding steam.
The withered plant begins to crumble.
The steam dragon bites you. The steam dragon claws you.
The steam dragon bites you! The steam dragon closely misses you.
Casting: Sandblast (safe; 3% risk of failure)
Confirm with . or Enter, or press ? or * to list all spells.
Okay, then.
Unknown command.
You are too injured to fight recklessly!
Aiming: Sandblast (safe; 3% risk of failure)
Press: ? - help, Q - select action, (/) - cycle Shift-Dir - straight line, f/p - steam dragon
Aim: a steam dragon (lightly wounded, 82% to hit)
The blast of sand hits the steam dragon!
The steam dragon is heavily wounded.
The steam dragon breathes steam at you. The ball of steam hits you!
Ouch! That really hurt!
You die...

#.P. ..... ...## #....
....P .#...
..P..###.P.#..... ###
..P...#.....<.. ..
......P...... #
.....P...#.# # #.P.#...#
# #...D.# .## # ###.@.#
..# ### #...## #.# #..
#...#..# #.####.#
##.#.##.#######...##.#
#..........#.........#
....................###
=....................# #
..............).......###
.......................##


You could see a steam dragon (catching breath).

Vanquished Creatures
  2 adders (D:2)
  A ribbon worm (D:2)
  An orc (D:3)
  2 endoplasms
  10 goblins
  8 jackals
  6 kobolds
  2 quokkas
  4 ball pythons
  6 bats
  2 frilled lizards (D:2)
  8 rats
52 creatures vanquished.

Notes
Turn   | Place    | Note
-------+----------+-------------------------------------------
     0 | D:1      | Kallu the Barachi Earth Elementalist began the quest for
                  | the Orb.
     0 | D:1      | Reached XP level 1. HP: 13/13 MP: 3/3
   270 | D:1      | Reached XP level 2. HP: 19/19 MP: 5/5
   477 | D:1      | Found Cailiv's Distillery.
   785 | D:1      | Reached XP level 3. HP: 24/24 MP: 6/8
  1178 | D:2      | Reached skill level 4 in Earth Magic
  1178 | D:2      | Reached XP level 4. HP: 30/30 MP: 7/9
  1183 | D:2      | Learned a level 3 spell: Stone Arrow
  1456 | D:3      | Found a hide-covered altar of Uskayaw.
  1573 | D:3      | Noticed a steam dragon
  1574 | D:3      | Found an ancient bone altar of Kikubaaqudgha.
  1581 | D:3      | Killed from afar by a steam dragon

Illustrated notes

Levels and vault maps discovered:
D:1:      saegor_arrival_under_anarchy, layout_loops_ring, serial_shops,
          nicolae_shop_stone, hangedman_decor_peaks_small, grunt_decor_fettered
D:2:      layout_rooms
D:3:      layout_rooms, kiku_gazebo_garden_becter, marbit_many_paths,
          eat_drink_and_be_merry_uskayaw, ebering_ghost_gozag,
          chequers_ecumenical_altar_grove

Skill      XL: |  1  2  3 |
---------------+----------+-----
Spellcasting   | 3 |  3.5
Earth Magic    | 4 |  4.0
Dodging        | |  2.1
Stealth        | |  1.7
Conjurations   | |  1.5

Action                     |  1- 3 |  4- 6 || total
---------------------------+-------+-------++-------
  Melee: Spear             |    50 |       ||    50
  Throw: Dart              |     3 |       ||     3
   Cast: Sandblast         |    35 |    16 ||    51
Ability: Hop               |     1 |       ||     1
   Stab: Sleeping          |     1 |       ||     1
 Armour: Robe              |    36 |     7 ||    43
  Dodge: Dodged            |    56 |     3 ||    59
